 Dungeon Crawl Stone Soup version 0.27.0-1-g7a08968 (webtiles) character file.

Game seed: 16279067240617391617

144 Scud the Magician (level 5, 0/38 HPs)
             Began as a Djinni Hedge Wizard on Aug 22, 2021.
             Slain by Grinder (7 damage)
             ... on level 3 of the Dungeon.
             The game lasted 00:10:42 (4204 turns).

Scud the Magician (Djinni Hedge Wizard)             Turns: 4204, Time: 00:10:42

Health: 0/38       AC:  2    Str:  9    XL:     5   Next: 52%
Gold:   77         EV: 12    Int: 17    God:
                   SH:  0    Dex: 12

rFire    + + .     SeeInvis .   j - staff of air
rCold    x . .     Faith    .   (no shield)
rNeg     . . .     Spirit   .   b - +0 robe
rPois    ∞         Reflect  .   c - +0 hat
rElec    +         Harm     .   (no cloak)
rCorr    .         Rampage  .   (no gloves)
Will     .....                  (boots unavailable)
Stlth    ++........             (no amulet)
HPRegen  0.12/turn              (no ring)
MPRegen  0.00/turn              (no ring)

@: flying, very slightly contaminated
A: sickness immunity, fire resistance 2, cold vulnerability 1, float, innate
caster, hp casting, extra vitality 1
a: no special abilities


You were on level 3 of the Dungeon.
You visited 1 branch of the dungeon, and saw 4 of its levels.

You collected 107 gold pieces.
You spent 30 gold pieces at shops.

Inventory:

Hand Weapons
 k - a +0 hunting sling
Missiles
 e - 34 sling bullets
Armour
 b - a +0 robe (worn)
 c - a +0 hat (worn)
Magical Staves
 j - a staff of air (weapon)
Scrolls
 a - a scroll of magic mapping {unknown}
 d - 2 scrolls of identify {unknown}
 f - a scroll of fog {unknown}
 g - a scroll of enchant armour {unknown}
 l - a scroll of teleportation {unknown}
Potions
 i - a potion of flight {unknown}
 m - a potion of brilliance {unknown}
 n - a potion of degeneration {unknown}


   Skills:
 + Level 2.1 Fighting
 - Level 3.2 Dodging
 - Level 1.5 Stealth
 * Level 3.6 Spellcasting


You couldn't memorise any spells.
You knew the following spells:

 Your Spells              Type           Power      Damage    Failure   Level
a - Mephitic Cloud        Conj/Pois/Air  23%        N/A       11%         3
b - Searing Ray           Conj           30%        3d4       5%          2
c - Call Imp              Summ           15%        N/A       5%          2
d - Slow                  Hex            15%        N/A       5%          2
e - Blink                 Tloc           N/A        N/A       5%          2
f - Magic Dart            Conj           60%        1d6       3%          1
g - Foxfire               Conj/Fire      60%        2x1d7     3%          1
h - Conjure Flame         Conj/Fire      15%        6-21      11%         3
Your spell library was empty.

Dungeon Overview and Level Annotations

Branches:
Dungeon (4/15)
 Temple: D:4-7

Altars:

Shops:
D:2 !

Annotations:
D:3 Grinder


Innate Abilities, Weirdness & Mutations

You are immune to sickness and miasma.
You are immune to poison.
Your flesh is very heat resistant. (rF++)
You are vulnerable to cold. (rC-)
You float through the air rather than walking.
You learn spells naturally, not from books.
Your magical power is your life essence.
You have superior vitality. (+4 HP)


Message History

Confirm with . or Enter, or press ? or * to list all spells.
Aiming: Searing Ray (safe; 5% risk of failure)
Press: ? - help, Shift-Dir - straight line, f/p - Grinder
Aim: Grinder (73% to hit)
The searing ray misses Grinder. (Press . to maintain the ray.)
The searing ray misses Grinder.
Grinder gestures at you.
You suddenly lose the ability to move!
Grinder hits you! Grinder hits you.
* * * LOW HITPOINT WARNING * * *
You can move again.
Grinder gestures at you. You resist with significant effort. Grinder hits you.
* * * LOW HITPOINT WARNING * * *
You writhe in agony.
* * * LOW HITPOINT WARNING * * *
You fly upwards.
There is a stone staircase leading down here.
You feel better. Grinder hits you!
* * * LOW HITPOINT WARNING * * *
You writhe in agony.
* * * LOW HITPOINT WARNING * * *
Casting: Searing Ray (safe; 5% risk of failure)
Confirm with . or Enter, or press ? or * to list all spells.
Aiming: Searing Ray (safe; 5% risk of failure)
Press: ? - help, Shift-Dir - straight line, f - Grinder
Aim: Grinder (73% to hit)
The searing ray hits Grinder.
Grinder is lightly wounded. (Press . to maintain the ray.)
* * * LOW HITPOINT WARNING * * *
Grinder hits you but does no damage.
The searing ray hits Grinder.
Grinder is moderately wounded.
* * * LOW HITPOINT WARNING * * *
Grinder hits you!
You die...

#......#.# ###.##.#.# #....#.#
########.# #......#.# #.####.#.#
#.####.#.# ## ############
#......... .# #.....@....#
#......... .# #.....5....#
#......... .# #..........#
#......... .#
#######..........###......... .#
#>...##......(............... .#
#.##.##..........###.##..###. ##
#.#........................#.
#.#...#..........##..#..##.#.
#####..#..#)#####.#......#...#.#.


You could see Grinder.

Vanquished Creatures
  4 adders (D:2)
  A worm (D:2)
  3 orcs (D:3)
  4 bats
  5 endoplasms
  4 giant cockroaches
  7 goblins
  4 hobgoblins
  8 kobolds
  3 quokkas
  6 ball pythons
  5 frilled lizards
  4 rats
58 creatures vanquished.

Vanquished Creatures (collateral kills)
  A howler monkey (D:2)
  An adder (D:2)
  An endoplasm (D:1)
  A frilled lizard (D:2)
4 creatures vanquished.

Grand Total: 62 creatures vanquished

Notes
Turn   | Place    | Note
-------+----------+-------------------------------------------
     0 | D:1      | Scud the Djinni Hedge Wizard began the quest for the Orb.
     0 | D:1      | Reached XP level 1. HP: 15/15 MP: 0/0
   404 | D:1      | Reached XP level 2. HP: 20/22 MP: 0/0
  1202 | D:1      | Found a faded altar of an unknown god.
  1265 | D:2      | Reached XP level 3. HP: 15/26 MP: 0/0
  1265 | D:2      | Learned a level 1 spell: Foxfire
  1493 | D:2      | Reached skill level 1 in Fighting
  1684 | D:2      | Found Fomo's Distillery.
  1687 | D:2      | Bought a potion of curing for 30 gold pieces
  2005 | D:2      | Reached XP level 4. HP: 30/32 MP: 0/0
  2881 | D:2      | Reached XP level 5. HP: 13/38 MP: 0/0
  2881 | D:2      | Learned a level 2 spell: Searing Ray
  4187 | D:4      | Noticed Grinder
  4194 | D:4      | Paralysed by Grinder for 5 turns
  4204 | D:3      | Slain by Grinder

Illustrated notes

Levels and vault maps discovered:
D:1:      lightli_molten_gateway, layout_basic,
          hellmonk_ecumenical_altar_inner_sanctum, grunt_decor_fettered
D:2:      layout_rooms, serial_shops, nicolae_shop_behind_doors,
          minmay_pentomino_pile
D:3:      layout_basic
D:4:      gammafunk_steamed_eel, layout_cave_pods, ebering_ghost_gozag,
          uniq_grinder

Skill      XL: |  1  2  3  4  5 |
---------------+----------------+-----
Fighting       | 1 2 |  2.1
Spellcasting   | 3 |  3.6
Dodging        | 3 |  3.2
Stealth        | |  1.5

Action                   |  1- 3 |  4- 6 || total
-------------------------+-------+-------++-------
Melee: Staff             |       |     1 ||     1
 Fire: Hunting sling     |       |     7 ||     7
 Cast: Magic Dart        |    57 |    73 ||   130
       Call Imp          |     3 |     4 ||     7
       Slow              |       |     3 ||     3
       Searing Ray       |       |    10 ||    10
       Mephitic Cloud    |       |     3 ||     3
  Use: Potion            |       |     1 ||     1
Armor: Robe              |     4 |     6 ||    10
Dodge: Dodged            |     5 |    24 ||    29
